Map: King's Cove LE

Players

Zanster

  • Race: Zerg Zerg
  • Spawn Location: 11:00

SortOf - Winner!

  • Race: Zerg Zerg
  • Spawn Location: 5:00

Event: 2019 WCS Winter Europe

VOD

Have the link to the VOD?

Description

Time

  • Played on: Feb. 10, 2019, 9:43 a.m.
  • Length: 9:20

All games in this series

Show
View Real Time Build Order
Export as new Build Order

Zanster Zerg 

Build Orders: Hatch First 

Get SALT Encoding   

  12  0:00  Drone  
  13  0:13  Overlord  
  13  0:18  Drone  
  14  0:31  Drone x2  
  16  0:50  Hatchery  
  16  0:52  Drone  
  16  0:56  Drone  
  17  0:59  Drone  
  18  1:10  Extractor  
  17  1:15  Spawning Pool  
  16  1:18  Drone  
  16  1:22  Drone  
  18  1:29  Drone  
  20  1:40  Drone  
  20  1:52  Drone  
  21  2:02  Queen x2  
  21  2:03  Overlord  
  21  2:04  Drone  
  26  2:12  Zergling x2  
  26  2:13  Metabolic Boost  
  27  2:15  Drone  
  28  2:23  Drone  
  28  2:24  Drone  
  30  2:34  Drone x2  
  32  2:42  Hatchery  
  31  2:46  Drone  
  32  2:51  Overlord  
  32  2:59  Drone x2  
  34  3:07  Drone, Baneling Nest  
  34  3:12  Zergling x10  
  39  3:14  Zergling x2  
  39  3:16  Drone  
  41  3:21  Overlord  
  41  3:23  Drone  
  42  3:30  Drone  
  43  3:40  Queen, Zergling x2  
  46  3:48  Drone x5  
  46  3:49  Drone  
  46  3:54  Baneling x2  
  51  3:55  Overlord  
  51  3:56  Evolution Chamber  
  51  3:58  Drone x2  
  52  4:03  Drone x2  
  52  4:06  Overlord  
  52  4:09  Drone  
  55  4:13  Drone  
  55  4:15  Drone  
  56  4:18  Drone  
  56  4:20  Baneling x2  
  56  4:22  Zergling x10  
  62  4:28  Overlord  
  62  4:31  Zerg Missile Weapons Level 1  
  62  4:34  Drone  
  62  4:35  Roach Warren  
  62  4:36  Extractor  
  62  4:37  Extractor  
  57  4:46  Drone x4  
  57  4:50  Queen  
  57  4:52  Zergling x4  
  59  4:58  Drone x4  
  59  4:59  Drone  
  64  5:05  Drone x5  
  69  5:09  Overlord  
  69  5:13  Overlord  
  69  5:15  Lair  
  69  5:20  Extractor  
  68  5:21  Drone x3  
  68  5:28  Overlord, Drone x2  
  70  5:29  Drone  
  72  5:38  Roach x7  
  83  5:45  Extractor  
  83  5:46  Roach  
  83  5:48  Roach  
  86  5:51  Overlord  
  86  5:57  Roach  
  88  6:00  Roach x2  
  92  6:09  Overlord  
  90  6:19  Drone x9  
  90  6:25  Glial Reconstitution, Drone x3  
  100  6:27  Pneumatized Carapace  
  101  6:32  Roach  
  101  6:33  Roach  
  101  6:38  Roach x2  
  107  6:40  Extractor  
  107  6:41  Overlord  
  107  6:42  Overseer  
  107  6:43  Hatchery, Overseer  
  107  6:45  Zerg Missile Weapons Level 2  
  105  6:48  Drone  
  105  6:49  Evolution Chamber, Drone  
  105  6:52  Roach x5  
  116  6:56  Queen  
  116  6:57  Overlord  
  118  7:06  Overlord  
  118  7:09  Roach x5  
  118  7:12  Overlord  
  118  7:15  Overlord  
  128  7:16  Overlord, Roach  
  128  7:17  Ravager  
  128  7:19  Zerg Ground Armor Level 1  
  129  7:25  Roach x3  
  129  7:26  Roach x2  
  129  7:27  Ravager x2  
  127  7:39  Roach x8  
  127  7:44  Roach x3  
  141  7:45  Roach  
  141  7:46  Ravager  
  144  7:55  Roach x3  
  142  8:02  Roach  
  126  8:09  Roach x4  
  126  8:11  Queen x2  
  135  8:13  Roach x3  
  135  8:19  Roach  
  132  8:20  Roach x4  
  93  8:42  Roach  
  93  8:43  Roach x3  
  88  8:51  Roach  
  88  8:52  Roach  
  88  8:55  Roach x5  
Show
View Real Time Build Order
Export as new Build Order

SortOf Zerg - Winner!

Build Orders: Hatch First 

Get SALT Encoding   

  12  0:01  Drone  
  13  0:13  Overlord  
  13  0:18  Drone  
  14  0:32  Drone  
  14  0:33  Drone  
  16  0:50  Hatchery  
  16  0:53  Drone  
  16  0:56  Drone  
  17  1:00  Drone  
  18  1:07  Extractor  
  18  1:08  Drone  
  18  1:19  Spawning Pool  
  18  1:22  Drone  
  18  1:29  Drone  
  19  1:39  Drone  
  20  1:52  Drone  
  21  2:00  Overlord  
  21  2:03  Drone  
  21  2:06  Queen x2  
  26  2:15  Drone x2  
  28  2:18  Metabolic Boost  
  28  2:22  Drone  
  29  2:24  Drone  
  30  2:33  Drone  
  30  2:34  Drone  
  32  2:42  Hatchery  
  31  2:45  Zergling x2  
  31  2:50  Overlord  
  32  2:55  Queen  
  32  2:58  Drone  
  35  3:07  Roach Warren  
  35  3:10  Zergling x2  
  35  3:11  Zergling x4  
  37  3:19  Drone x3  
  40  3:25  Overlord, Zergling x2  
  41  3:35  Zergling x6  
  44  3:47  Evolution Chamber  
  41  3:49  Zergling x12  
  41  3:55  Zergling x6  
  50  4:07  Roach x3  
  56  4:10  Overlord  
  56  4:14  Drone  
  57  4:28  Overlord  
  57  4:29  Lair  
  57  4:30  Drone x4  
  57  4:31  Zerg Missile Weapons Level 1  
  61  4:35  Drone x2  
  61  4:37  Drone  
  64  4:44  Drone  
  64  4:45  Drone  
  65  4:47  Drone x2  
  65  4:51  Drone x3  
  60  4:57  Extractor x2, Drone  
  60  4:58  Drone x2  
  60  4:59  Drone  
  62  5:03  Drone  
  62  5:06  Evolution Chamber  
  62  5:09  Drone x3  
  62  5:12  Roach  
  62  5:13  Roach  
  69  5:18  Extractor  
  69  5:20  Overlord  
  68  5:21  Overlord  
  68  5:29  Glial Reconstitution, Drone  
  68  5:34  Drone x5  
  72  5:35  Overlord  
  72  5:40  Roach x2  
  76  5:45  Roach  
  76  5:46  Roach  
  76  5:48  Roach x2  
  84  5:52  Drone x2  
  84  5:56  Roach x2  
  90  5:59  Roach  
  90  6:03  Roach x2  
  96  6:06  Roach  
  97  6:12  Overlord  
  97  6:24  Overlord x3  
  96  6:25  Overlord  
  96  6:29  Roach  
  96  6:31  Roach x4  
  96  6:32  Roach  
  106  6:43  Overlord, Roach  
  106  6:44  Roach x5  
  106  6:46  Ravager x2  
  120  6:48  Roach  
  120  6:51  Roach x2  
  126  6:54  Roach x2  
  130  7:01  Extractor  
  130  7:03  Roach x4  
  137  7:10  Roach x3  
  137  7:14  Overlord x2  
  143  7:18  Zergling x6  
  146  7:27  Overlord  
  138  7:37  Roach  
  138  7:38  Roach x8  
  138  7:43  Overlord  
  156  7:44  Ravager x2  
  156  7:47  Zergling x8  
  155  7:59  Roach  
  155  8:03  Roach x7  
  154  8:09  Roach x2  
  154  8:11  Roach  
  157  8:15  Roach  
  157  8:18  Roach  
  157  8:19  Roach  
  157  8:23  Roach  
  149  8:29  Roach  
  149  8:30  Roach  
  149  8:37  Roach  
  139  8:44  Roach x3  
  129  8:51  Roach x2  
  129  8:54  Roach x2  
  117  8:57  Roach  
  109  9:13  Hatchery  
Tags
 
Add a new tag
Caveats
  • Supply blocks, unpowered buildings, or Contaminate may cause inaccurate times.
  • Supply counts are checked every 10 seconds.